 Dungeon Crawl Stone Soup version 0.19.5 (webtiles) character file.

66 McKennaii the Firebug (level 3, -9/19 HPs)
             Began as a Deep Elf Fire Elementalist on May 13, 2017.
             Mangled by Terence
             ... wielding a +0 morningstar
              (10 damage)
             ... on level 2 of the Dungeon.
             The game lasted 00:01:41 (722 turns).

McKennaii the Firebug (Deep Elf Fire Elementalist)   Turns: 722, Time: 00:01:41

Health: -9/19      AC:  6    Str:  5    XL:     3   Next: 96%
Magic:  3/10       EV: 13    Int: 20    God:
Gold:   80         SH:  0    Dex: 15    Spells: 1 memorised, 8 levels left

rFire  . . .     SeeInvis .     (no weapon)
rCold  . . .     Gourm    .     a - +0 robe
rNeg   . . .     Faith    .     (no shield)
rPois  .         Spirit   .     (no helmet)
rElec  .         Reflect  .     (no cloak)
rCorr  .         Harm     .     j - +0 pair of gloves (curse)
MR     .....                    (no boots)
Stlth  ++........               (no amulet)
                                (no ring)
                                d - +3 ring of protection

@: very slightly contaminated
A: no striking features
a: no special abilities


You were on level 2 of the Dungeon.
You were not hungry.

You visited 1 branch of the dungeon, and saw 2 of its levels.

You collected 80 gold pieces.

Inventory:

Armour
 a - a +0 robe (worn)
 j - a cursed +0 pair of gloves (worn)
Jewellery
 d - a +3 ring of protection (left hand)
Scrolls
 g - 3 scrolls of identify {unknown}
 i - a scroll of random uselessness {unknown}
 k - a scroll of remove curse {unknown}
Potions
 e - a potion of might {unknown}
 h - a potion of haste
Books
 b - a book of Flames

   Spells                             Type                      Level
   a - Flame Tongue                   Conjuration/Fire             1
   b - Throw Flame                    Conjuration/Fire             2
   c - Conjure Flame                  Conjuration/Fire             3
   d - Inner Flame                    Hexes/Fire                   3
   e - Sticky Flame                   Conjuration/Fire             4
   f - Fireball                       Conjuration/Fire             5
Comestibles
 c - a bread ration
 f - a beef jerky
 l - 2 chunks of flesh


   Skills:
 + Level 0.1 Fighting
 + Level 2.8 Dodging
 + Level 2.8 Stealth
 + Level 3.7 Spellcasting
 + Level 2.1 Conjurations
 + Level 4.1 Fire Magic


You had 8 spell levels left.
You knew the following spells:

 Your Spells              Type           Power        Failure   Level  Hunger
a - Flame Tongue          Conj/Fire      ###..        3%          1    None


Dungeon Overview and Level Annotations

Branches:
Dungeon (2/15)

Altars:

Annotations:
D:2 Terence


Message History

Aim: Terence, wielding a morningstar and wearing a scale mail (moderately wounded, fast)
The flame tongue hits Terence.
Terence is heavily wounded.
Terence bares his teeth.
Terence misses you.
Casting: Flame Tongue
Confirm with . or Enter, or press ? or * to list all spells.
Aiming: Flame Tongue
Press: ? - help, Shift-Dir - straight line, f/p - Terence
Aim: Terence, wielding a morningstar and wearing a scale mail (heavily wounded, fast)
The flame tongue misses Terence.
Terence barely misses you.
Casting: Flame Tongue
Confirm with . or Enter, or press ? or * to list all spells.
Aiming: Flame Tongue
Press: ? - help, Shift-Dir - straight line, f/p - Terence
Aim: Terence, wielding a morningstar and wearing a scale mail (heavily wounded, fast)
You miscast Flame Tongue.
You feel a strange surge of energy! Terence hits you with a morningstar!
Ouch! That really hurt!
You die...

#.# #........# #.####
###....†## #
###.##.######.......## ##
#..........#.........####.
#.>........+...[..........
#.......##.#..............
#......## .##........#####
#......###@###.....#†# #..
###......@.# ##...##.# #.#
####.##### ##'###.# #.#
#.# #.# #.###.# #.# #.#
#...... #.# ##.#######.#
#.# ##...## #.# #.#
#...>.#####.# #.
##..........#
......#########


You could see Terence.

Vanquished Creatures
  4 adders (D:2)
  An ooze (D:1)
  2 dart slugs
  A ball python (D:1)
  3 bats
  2 giant cockroaches (D:1)
  3 hobgoblins
  3 kobolds (D:2)
  A frilled lizard (D:2)
  A goblin (D:2)
  2 rats (D:1)
23 creatures vanquished.

Notes
Turn   | Place    | Note
-------+----------+-------------------------------------------
     0 | D:1      | McKennaii the Deep Elf Fire Elementalist began the quest for the Orb.
     0 | D:1      | Reached XP level 1. HP: 10/10 MP: 6/6
    47 | D:1      | Reached XP level 2. HP: 14/15 MP: 5/8
   426 | D:2      | Reached XP level 3. HP: 19/19 MP: 0/10
   605 | D:2      | Reached skill level 4 in Fire Magic
   715 | D:2      | Noticed Terence
   722 | D:2      | Mangled by Terence

Skill      XL: |  1  2  3 |
---------------+----------+-----
Conjurations   | 2 |  2.1
Fire Magic     | 4 |  4.1
Fighting       | |  0.1
Dodging        | |  2.8
Stealth        | |  2.8
Spellcasting   | |  3.7

Action                   || total
-------------------------++-------
Melee: Unarmed           ||     2
 Cast: Flame Tongue      ||    55
Armor: Robe              ||    14
Dodge: Dodged            ||    37
